 Dungeon Crawl Stone Soup version 0.27.1-2-g3b301248ec (webtiles) character file.

Game seed: 14787659725438840537

228 Descartes the Covert (level 5, -1/24 HPs)
             Began as a Felid Delver on Oct 2, 2021.
             Killed from afar by an orc wizard (11 damage)
             ... with a puff of flame
             ... on level 3 of the Dungeon.
             The game lasted 00:07:28 (4028 turns).

Descartes the Covert (Felid Delver)                 Turns: 4028, Time: 00:07:28

Health: -1/24      AC:  1    Str:  9    XL:     5   Next: 70%
Magic:  6/6        EV: 19    Int: 12    God:
Gold:   96         SH:  0    Dex: 17    Spells: 1/4 levels left
                                        Lives:  0   Deaths: 1

rFire    . . .     SeeInvis +     - Unarmed
rCold    . . .     Faith    .   (shield unavailable)
rNeg     . . .     Spirit   .   (armour unavailable)
rPois    .         Reflect  .   (helmet unavailable)
rElec    .         Harm     .   (cloak unavailable)
rCorr    .         Rampage  .   (gloves unavailable)
Will     .....                  (boots unavailable)
Stlth    ++++......             (no amulet)
HPRegen  0.08/turn              (no ring)
MPRegen  0.10/turn              (no ring)

@: quick
A: very small, claws 1, fangs 3, see invisible, speed 1, shaggy fur 1, stealthy
paws, no weapons or thrown items, no armour, multi-lived
a: no special abilities


You were on level 3 of the Dungeon.
You visited 1 branch of the dungeon, and saw 5 of its levels.

You collected 140 gold pieces.
You spent 44 gold pieces at shops.

Inventory:

Jewellery
 w - a ring of protection from cold
Wands
 e - a wand of digging (3)
 o - a wand of iceblast (8)
Scrolls
 a - a scroll of fog
 b - 3 scrolls of magic mapping
 c - a scroll of fear
 g - a scroll of teleportation {unknown}
 h - a scroll of noise {unknown}
 j - 5 scrolls of identify {unknown}
 k - 2 scrolls of blinking {unknown}
 m - a scroll of holy word {unknown}
 n - 3 scrolls of vulnerability {unknown}
 p - a scroll of torment {unknown}
 u - a scroll of summoning {unknown}
 v - a scroll of amnesia {unknown}
Potions
 d - 3 potions of haste
 f - 2 potions of lignification {unknown}
 i - a potion of invisibility {unknown}
 l - a potion of flight {unknown}
 q - 3 potions of attraction {unknown}
 r - 2 potions of berserk rage {unknown}
 s - a potion of brilliance {unknown}
 t - 2 potions of ambrosia {unknown}


   Skills:
 - Level 3.0 Fighting
 + Level 4.9 Dodging
 * Level 9.4 Stealth
 + Level 2.7 Unarmed Combat
 + Level 1.3 Hexes
 + Level 0.1 Evocations


You had one spell level left.
You knew the following spells:

 Your Spells              Type           Power      Damage    Failure   Level
a - Tukima's Dance        Hex            3%         N/A       50%         3

Your spell library contained the following spells:

 Spells                   Type           Power      Damage    Failure   Level
 Frozen Ramparts          Ice            0%         1d2       69%         3
 Ice Form                 Ice/Tmut       0%         N/A       97%         4
 Passage of Golubria      Tloc           N/A        N/A       97%         4
 Summon Ice Beast         Ice/Summ       0%         N/A       97%         4
 Yara's Violent Unravell  Hex/Tmut       0%         3d3       100%        5


Dungeon Overview and Level Annotations

Branches:
Dungeon (5/15)
 Temple: D:4-7

Altars:
Nemelex Xobeh
Okawaru
Uskayaw

Shops:
D:3 *

Annotations:
D:3 Ijyb
D:5 2 transporters


Innate Abilities, Weirdness & Mutations

You have sharp claws.
You have razor-sharp teeth.
You have supernaturally acute eyesight. (SInv)
You cover ground quickly. (Speed+)
You are covered in fur. (AC +1)
Your paws help you pounce on unaware monsters.
You are incapable of wielding weapons or throwing items.
You cannot wear armour.
You gain extra lives every three experience levels.


Message History

Things that are here:
a +0 dagger; 19 stones; a goblin corpse An orc wizard is nearby!
No target in view!
No target in view!
No target in view!
No target in view!
No target in view!
No target in view!
No target in view!
No target in view!
The orc wizard shouts!
The orc shouts!
You scratch the orc wizard but do no damage.
The orc wizard hits you with a +0 dagger.
You barely miss the orc wizard.
The orc wizard hits you with a +0 dagger.
You scratch the orc wizard but do no damage.
You barely miss the orc wizard.
The orc wizard hits you with a +0 dagger.
You scratch the orc wizard but do no damage.
The orc wizard hits you with a +0 dagger.
You barely miss the orc wizard. You bite the orc wizard.
The orc wizard is moderately wounded.
The orc wizard gestures at you while chanting.
The magic dart hits you.
The orc wizard mumbles some strange words.
The orc wizard flickers and vanishes for a moment.
You are too injured to fight recklessly!
You are too injured to fight recklessly!
You are too injured to fight recklessly!
You are too injured to fight recklessly!
You are too injured to fight recklessly!
You are too injured to fight recklessly!
You are too injured to fight recklessly!
You are too injured to fight recklessly!
You are too injured to fight recklessly!
Okay, then.
The orc wizard gestures at you while chanting.
The puff of flame hits you!
You die...

#...g ##.......# #.# ...
##........###.# ###### ....
#..........##.# .....# #''##
#..........##.# ####.#
#.o.o###...........#.# #.#
#o#....))........## ####.#
##.#........8.8.8.. ...#.#
#.########..⌠.⌠..# .....#
####@#### ##8.∩.8.# ...###
###.......# #.⌠.⌠..# #.##
#.......#.# #8.8.8## #.#
#.#.##..#.# #...#### #.##
#.#.##..#.# #..... #..####
#.......#.# #.......
......#####.......#.##........
...............o.....'........
#...#.#####.#.#...#.##.........


You could see an orc wizard and an orc (wandering).

Vanquished Creatures
  A sky beast (D:5)
  A hound (D:4)
  An iguana (D:4)
  An orc wizard (D:3)
  An adder (D:2)
  3 worms (D:2)
  3 dart slugs
  An orc (D:3)
  10 bats
  5 endoplasms
  4 giant cockroaches
  12 goblins
  5 hobgoblins
  6 jackals
  7 ball pythons
  14 frilled lizards
  5 kobolds
  3 rats
83 creatures vanquished.

Vanquished Creatures (others)
  8 plants (D:2)
8 creatures vanquished.

Grand Total: 91 creatures vanquished

Notes
Turn   | Place    | Note
-------+----------+-------------------------------------------
     0 | D:5      | Descartes the Felid Delver began the quest for the Orb.
     0 | D:5      | Reached XP level 1. HP: 10/10 MP: 2/2
     9 | D:5      | Found a sparkling altar of Nemelex Xobeh.
    95 | D:5      | Found a transporter.
   112 | D:5      | Found a transporter.
   112 | D:5      | Noticed a sky beast
   113 | D:5      | Noticed a fire bat
   126 | D:5      | Killed a sky beast
   127 | D:5      | Reached skill level 8 in Stealth
   127 | D:5      | Reached XP level 2. HP: 1/14 MP: 3/3
   127 | D:5      | Reached XP level 3. HP: 1/17 MP: 4/4
   127 | D:5      | Reached XP level 4. HP: 2/21 MP: 5/5
   397 | D:4      | Found a hide-covered altar of Uskayaw.
   466 | D:4      | Found an iron altar of Okawaru.
   483 | D:4      | Slain by an iguana
   484 | D:4      | Reached XP level 3. HP: 0/17 MP: 4/4
  1003 | D:4      | Reached XP level 4. HP: 21/21 MP: 5/5
  1434 | D:3      | Noticed Ijyb
  1455 | D:2      | HP: 1/21 [bat (1)]
  1806 | D:2      | Noticed an eye of devastation
  1823 | D:2      | Found a faded altar of an unknown god.
  1823 | D:2      | Noticed a golden eye
  1826 | D:2      | Noticed an eye of devastation
  1845 | D:2      | Noticed a golden eye
  1952 | D:2      | Reached skill level 9 in Stealth
  1965 | D:2      | Learned a level 3 spell: Tukima's Dance
  2004 | D:2      | Reached XP level 5. HP: 4/24 MP: 6/6
  3320 | D:1      | Reached skill level 1 in Hexes
  3994 | D:3      | Found Iceusam's Assorted Antiques.
  4000 | D:3      | Bought a scroll labelled EDOANE ORAEZU for 22 gold pieces
  4000 | D:3      | Bought a scroll labelled SOZAMU PEON for 22 gold pieces
  4028 | D:3      | Killed from afar by an orc wizard

Illustrated notes

Levels and vault maps discovered:
D:1:      lightli_arrival_boilingwater, layout_loops_ring,
          minmay_indecisive_spiral
D:2:      layout_basic, hellmonk_ecumenical_altar_watching_god,
          minmay_lizard_king
D:3:      kennysheep_big_flooded_room, layout_loops_corners, serial_shops,
          nicolae_shop_temple_entry_statues_fountains, mrwooster_statue_mirror,
          uniq_ijyb
D:4:      layout_basic, jmf_multi_god_temple
D:5:      gammafunk_cloud_chamber, layout_rooms, general_overflow_altar,
          temple_hall, chequers_serial_rivers_small_3, lemuel_flamethrower_2,
          uniq_grinder

Skill      XL: |  1  2  3  4  5 |
---------------+----------------+-----
Dodging        | 4 |  4.9
Stealth        | 8 9 |  9.4
Hexes          | 1 |  1.3
Fighting       | |  3.0
Unarmed Combat | |  2.7
Evocations     | |  0.1

Action                   |  1- 3 |  4- 6 || total
-------------------------+-------+-------++-------
Melee: Unarmed           |    27 |   217 ||   244
       Bite              |     3 |    16 ||    19
       Punch             |       |     3 ||     3
 Stab: Sleeping          |     2 |    20 ||    22
       Distracted        |     1 |     2 ||     3
Armor: Skin              |     1 |    18 ||    19
Dodge: Dodged            |    22 |   155 ||   177
